 Dungeon Crawl Stone Soup version 0.32-a0-799-g95e1662365 (webtiles) character file.

Game seed: 10269532092101594477

16215 adelrune the Fighter (level 12, -10/73 (90) HPs)
             Began as a Demonspawn Gladiator on Mar 21, 2024.
             Was a High Priest of Ru.
             Mangled by Rupert
             ... wielding a +0 great mace of protection
              (32 damage)
             ... on level 3 of the Lair of Beasts.
             The game lasted 00:31:53 (11087 turns).

adelrune the Fighter (Demonspawn Gladiator)        Turns: 11087, Time: 00:31:54

HP:   -10/73 (90)   AC: 13    Str: 18    XL:     12   Next: 8%
MP:   5/12          EV: 19    Int: 11    God:    Ru [*****.]
Gold: 2160          SH:  7    Dex: 16    Spells: 11/11 levels left

rFire   . . .        M - +0 broad axe
rCold   . . .        a - +2 buckler
rNeg    + . .        P - +0 scale mail of Chimes {rElec rN+ Regen+ Slay+2}
rPois   .            c - +0 helmet
rElec   +            (cloak unavailable)
rCorr   .            T - +0 pair of gloves
SInv    .            C - +0 pair of boots
Will    .....        (no amulet)
Stlth   +            t - +5 ring of evasion
HPRegen 1.12/turn    K - +5 ring of evasion
MPRegen 0.13/turn

%: no passive effects
@: exhausted, wreathed by umbra, heavily drained
A: thin skeletal structure 1, frail 1, ignite blood 2, inability to use devices,
hated by all, weakness stinger 3, foul shadow 1
a: Renounce Religion, Draw Out Power, Power Leap, Apocalypse


You were on level 3 of the Lair of Beasts.
You worshipped Ru.
Ru was extremely pleased with you.
You visited 3 branches of the dungeon, and saw 13 of its levels.
You also visited: Bailey.

You collected 2160 gold pieces.

Inventory:

Hand Weapons
 b - a +0 sling
 M - a +0 broad axe (weapon)
 N - a +4 morningstar of flaming
Missiles
 d - a throwing net
 e - a javelin
 L - 18 boomerangs (quivered)
Armour
 a - a +2 buckler (worn)
 c - a +0 helmet (worn)
 x - a +0 scale mail
 C - a +0 pair of boots (worn)
 P - the +0 scale mail of Chimes (worn) {rElec rN+ Regen+ Slay+2}
   (You took it off a gnoll bouda on level 9 of the Dungeon)

   Slay+2:    It affects your accuracy & damage with ranged weapons and melee
   (+2).
   rElec:     It insulates you from electricity.
   rN+:       It protects you from negative energy.
   Regen+:    It increases your rate of health regeneration.
 T - a +0 pair of gloves (worn)
Jewellery
 t - a +5 ring of evasion (left hand)
 E - a +6 ring of dexterity
 F - a ring of fire
 K - a +5 ring of evasion (right hand)
Wands
 y - a wand of paralysis (3)
 I - a wand of flame (8)
 R - a wand of digging (6)
Scrolls
 h - 16 scrolls of identify
 j - 5 scrolls of teleportation
 k - 2 scrolls of noise {unknown}
 l - 2 scrolls of enchant armour {unknown}
 m - 2 scrolls of revelation {unknown}
 n - a scroll of amnesia {unknown}
 p - 2 scrolls of fog {unknown}
 q - 3 scrolls of vulnerability {unknown}
 r - 5 scrolls of poison {unknown}
 s - a scroll of torment {unknown}
 w - 2 scrolls of enchant weapon {unknown}
 H - 3 scrolls of immolation {unknown}
 Q - a scroll of silence {unknown}
Potions
 f - 4 potions of attraction {unknown}
 g - a potion of berserk rage
 i - 3 potions of might {unknown}
 o - 2 potions of mutation {unknown}
 u - 2 potions of curing
 v - 2 potions of heal wounds {unknown}
 z - 2 potions of enlightenment {unknown}
 A - a potion of invisibility
 B - 2 potions of magic {unknown}
 D - a potion of brilliance {unknown}
 G - a potion of resistance {unknown}
 J - a potion of ambrosia {unknown}
 O - 2 potions of degeneration {unknown}
 S - a potion of cancellation {unknown}
 U - 2 potions of lignification {unknown}
 V - a potion of haste {unknown}


   Skills:
 + Level 11.0 Fighting
 + Level 10.3 Axes
 - Level 1.7 Throwing
 + Level 9.9 Armour
 - Level 2.6 Dodging
 + Level 6.4 Shields


You had 11 spell levels left.
You didn't know any spells.
Your spell library contained the following spells:

 Spells                   Type           Power      Damage    Failure   Level
 Kiss of Death            Conj/Necr      0%         2d5       75%         1
 Magic Dart               Conj           0%         1d3       75%         1
 Ensorcelled Hibernation  Hex/Ice        0%         N/A       86%         2
 Searing Ray              Conj           0%         2d4       86%         2
 Confusing Touch          Hex            0%         N/A       98%         3
 Passwall                 Erth           0%         N/A       98%         3
 Swiftness                Air            0%         N/A       98%         3
 Volatile Blastmotes      Fire/Tloc      0%         2d10      98%         3
 Cause Fear               Hex            0%         N/A       100%        4
 Dispel Undead            Necr           0%         3d6       100%        4
 Fulminant Prism          Conj/Alch      0%         3d5       100%        4
 Fireball                 Conj/Fire      0%         3d3       100%        5
 Iskenderun's Battlesphe  Conj           0%         2d6       100%        5
 Bombard                  Conj/Erth      0%         9d1       100%        6
 Spellforged Servitor     Conj/Summ      Unusable   N/A       N/A         7
 Dragon's Call            Summ           Unusable   N/A       N/A         9

Dungeon Overview and Level Annotations

Branches:
Dungeon (9/15)             Temple (1/1) D:4            Lair (3/5) D:8
  Swamp (0/4) Lair:2       Bailey (visited)
  Snake: Lair:2-3    Spider: Lair:2-3       Orc: D:9-12

Altars:
Ashenzari
Cheibriados
Dithmenos
Gozag
Kikubaaqudgha
Makhleb
Nemelex Xobeh
Okawaru
Qazlal
Ru
Sif Muna
Trog
Uskayaw
Vehumet
Wu Jian
Xom

Shops:
D:1 (

Annotations:
Lair:3 Rupert


Innate Abilities, Weirdness & Mutations

You have a somewhat thin skeletal structure. (Dex +2, Stealth+)
You are frail. (-10% HP)
Your demonic aura often causes spilled blood to erupt in flames.
You cannot study or use magical devices.
You are hated by all.
You have a sharp stinger which inflicts weakening toxins.
You are faintly shadowed, very rarely releasing foul flame when damaged in melee.


Message History

A nearby plant withers and dies.
A bullfrog comes into view.
You hit Rupert but do no damage.
Rupert is heavily wounded.
You hit Rupert but do no damage.
Rupert is heavily wounded.
Rupert roars madly and goes into a rage!
Rupert shakes off his lethargy.
Rupert goes berserk!
You slash Rupert!
Rupert is heavily wounded.
Rupert is engulfed in blazing flames.
Rupert closely misses you.
Rupert is engulfed in blazing flames.
You block Rupert's attack.
You barely miss Rupert.
Rupert is severely wounded.
Rupert hits you with a +0 great mace of protection!!
You focus your inner power and blind Rupert in retribution!
The bullfrog is stunned by your conviction and fails to attack.
Rupert is engulfed in blazing flames.
Rupert closely misses you.
You barely miss Rupert.
Rupert is severely wounded.
You slash the bullfrog!
The bullfrog is engulfed in blazing flames.
You block the bullfrog's attack.
Rupert is engulfed in blazing flames.
Rupert hits you with a +0 great mace of protection!!
* * * LOW HITPOINT WARNING * * *
The bullfrog is engulfed in blazing flames.
You kill the bullfrog!
You strike the helpless Rupert from behind!
You slice Rupert!!
Rupert is severely wounded.
Rupert is engulfed in blazing flames.
Rupert rages.
Rupert misses you.
Okay, then.
You completely miss Rupert.
Your tail-slap misses Rupert.
Rupert is severely wounded.
Rupert hits you with a +0 great mace of protection!!
You die...
Rupert roars with triumph.
Ru respects your ultimate sacrifice.

..............................
................>............†
...###........................
... ##.......................
.. ##..........[............
#........................
##............§§≈
###..○@#..##.≈≈
#.....@..[..≈##
#...####..#.≈≈#
.....##.##)..§≈##
.P...........§.§≈#
....P.......<..≈#
....$..........≈≈§§≈
......#.##...#....§§
##..#....## #... ..##


You could see Rupert (berserk, blind, unable to see you).

Vanquished Creatures
  Nessos (Lair:3)
  Nergalle (Lair:1)
  Sonja (Lair:2)
  A skyshark (Lair:2)
  2 bog bodies (Lair:2)
  Maurice (D:7)
  An elephant (D:8)
  A black mamba (Lair:2)
  A molten gargoyle (Lair:3)
  2 rime drakes
  Jeremiah (Lair:1)
  2 komodo dragons (Lair:1)
  6 cane toads
  A troll (D:7)
  Prince Ribbit (D:7)
  8 yaks
  A wyvern (D:9)
  A shadow (D:9)
  A basilisk (D:8)
  A steam dragon (Lair:3)
  9 water moccasins
  5 orc warriors
  An ice beast (D:6)
  2 sky beasts
  2 black bears
  An ogre (D:4)
  14 wolves
  2 centaurs
  7 kobold brigands
  10 bullfrogs
  A gnoll sergeant (D:5)
  A scorpion (D:4)
  7 wights
  12 killer bees
  7 howler monkeys
  2 electric eels
  A bombardier beetle (D:5)
  2 orc priests (D:9)
  2 hounds (D:6)
  2 gnoll boudas
  3 jellies
  A sleepcap (D:6)
  Terence (D:2)
  3 iguanas
  6 orc wizards
  5 adders
  12 gnolls
  A shadow imp (D:7)
  A white imp (D:8)
  A ribbon worm (D:2)
  7 dart slugs
  19 orcs
  4 endoplasms
  A giant cockroach (D:2)
  13 goblins
  8 hobgoblins
  2 jackals (D:1)
  17 kobolds
  4 quokkas
  4 ball pythons
  3 bats
  5 frilled lizards
  7 rats
253 creatures vanquished.

Vanquished Creatures (others)
  A kobold (D:7)
1 creature vanquished.

Grand Total: 254 creatures vanquished

Notes
Turn   | Place    | Note
-------+----------+-------------------------------------------
     0 | D:1      | adelrune the Demonspawn Gladiator began the quest for the
                  | Orb.
     0 | D:1      | Reached XP level 1. HP: 16/16 MP: 1/1
   182 | D:1      | Gained mutation: You have a small tail. [demonic ancestry]
   182 | D:1      | Reached XP level 2. HP: 22/22 MP: 2/2
   483 | D:1      | Reached skill level 1 in Armour
   519 | D:1      | Found Ismets's Antique Weapon Shop.
   692 | D:2      | Gained mutation: You have a tail ending in a sharp stinger.
                  | [demonic ancestry]
   692 | D:2      | Reached XP level 3. HP: 12/28 MP: 3/3
   867 | D:2      | Noticed Terence
   877 | D:2      | Killed Terence
   878 | D:2      | Reached skill level 3 in Fighting
   958 | D:2      | Gained mutation: Your demonic aura sometimes causes spilled
                  | blood to erupt in flames. [demonic ancestry]
   958 | D:2      | Reached XP level 4. HP: 24/35 MP: 4/4
  2099 | D:3      | Gained mutation: You are faintly shadowed, very rarely
                  | releasing foul flame when damaged in melee. [demonic
                  | ancestry]
  2099 | D:3      | Reached XP level 5. HP: 41/41 MP: 5/5
  2472 | D:4      | Noticed an ogre
  2472 | D:4      | Found a hide-covered altar of Uskayaw.
  2481 | D:4      | Killed an ogre
  2676 | D:3      | Reached skill level 4 in Fighting
  2676 | D:3      | Gained mutation: You have a sharp stinger which inflicts
                  | weakening toxins. [demonic ancestry]
  2676 | D:3      | Reached XP level 6. HP: 45/48 MP: 6/6
  2736 | D:4      | Found a sparkling altar of Nemelex Xobeh.
  2789 | D:4      | Found a staircase to the Ecumenical Temple.
  2801 | Temple   | Entered the Ecumenical Temple
  2824 | Temple   | Became a worshipper of Ru the Awakened
  3212 | D:5      | Entered Level 5 of the Dungeon
  3921 | D:5      | Noticed a water moccasin
  3928 | D:5      | Killed a water moccasin
  3929 | D:5      | Reached XP level 7. HP: 55/55 MP: 7/7
  4200 | D:6      | Found a stormy altar of Qazlal.
  4295 | D:6      | Gained mutation: You are frail. (-10% HP) [Ru sacrifice]
  4295 | D:6      | Reached * piety under Ru
  4356 | D:6      | Found a shimmering blue altar of Sif Muna.
  4408 | D:6      | Reached skill level 5 in Fighting
  4409 | D:6      | Reached skill level 5 in Axes
  4814 | D:6      | Found an opulent altar of Gozag.
  4820 | D:6      | Found a burning altar of Makhleb.
  4927 | D:6      | Gained mutation: You have a somewhat thin skeletal
                  | structure. (Dex +2, Stealth+) [demonic ancestry]
  4927 | D:6      | Reached XP level 8. HP: 50/57 MP: 8/8
  5235 | D:7      | Noticed Prince Ribbit
  5236 | D:7      | Reached skill level 6 in Fighting
  5241 | D:7      | Killed Prince Ribbit
  5242 | D:7      | Reached skill level 5 in Armour
  5531 | D:7      | Found a transporter.
  5546 | D:7      | Noticed Maurice
  5551 | D:7      | Found a transporter.
  5557 | D:7      | Killed Maurice
  5558 | D:7      | Reached skill level 7 in Fighting
  5569 | D:7      | Gained mutation: Your demonic aura often causes spilled
                  | blood to erupt in flames. [demonic ancestry]
  5569 | D:7      | Reached XP level 9. HP: 57/64 MP: 9/9
  5605 | D:7      | Found a transporter.
  5607 | D:7      | Found a transporter.
  5640 | D:7      | Noticed a troll
  5656 | D:7      | Found a transporter.
  6187 | D:8      | Noticed an elephant
  6599 | D:8      | Found a flagged portal.
  6619 | Bailey   | Entered a bailey
  6626 | Bailey   | Gained mutation: You are hated by all. [Ru sacrifice]
  6626 | Bailey   | Reached ** piety under Ru
  6626 | Bailey   | Reached *** piety under Ru
  6652 | Bailey   | Reached skill level 8 in Fighting
  6750 | Bailey   | Found a bloodstained altar of Trog.
  7111 | D:7      | Reached skill level 1 in Shields
  7114 | D:7      | Killed a troll
  7115 | D:7      | Reached XP level 10. HP: 53/73 MP: 10/10
  7615 | D:8      | Found a staircase to the Lair.
  7710 | D:8      | Killed an elephant
  7729 | D:8      | Reached skill level 9 in Fighting
  8472 | D:9      | Identified the +0 scale mail of Chimes {rElec rN+ Regen+
                  | Slay+2}
  8505 | D:9      | Found a radiant altar of Vehumet.
  9048 | Lair:1   | Entered Level 1 of the Lair of Beasts
  9051 | Lair:1   | Noticed a cane toad
  9051 | Lair:1   | Noticed a cane toad
  9058 | Lair:1   | Killed a cane toad
  9065 | Lair:1   | Noticed Nergalle
  9068 | Lair:1   | Noticed a cane toad
  9080 | D:8      | Killed a cane toad
  9102 | D:8      | Killed a cane toad
  9157 | Lair:1   | Killed Nergalle
  9158 | Lair:1   | Reached XP level 11. HP: 42/80 MP: 11/11
  9356 | Lair:1   | Gained mutation: You cannot study or use magical devices.
                  | [Ru sacrifice]
  9356 | Lair:1   | Reached **** piety under Ru
  9356 | Lair:1   | Reached ***** piety under Ru
  9444 | Lair:1   | Reached skill level 10 in Fighting
  9511 | Lair:1   | Noticed Jeremiah
  9529 | Lair:1   | Killed Jeremiah
  9580 | Lair:1   | Reached skill level 5 in Shields
  9945 | Lair:2   | Noticed a bog body
  9945 | Lair:2   | Noticed a bog body
  9945 | Lair:2   | Found a staircase to the Swamp.
  9946 | Lair:2   | Killed a bog body
  9946 | Lair:2   | Killed a bog body
 10467 | Lair:2   | Noticed Sonja
 10467 | Lair:2   | Noticed a skyshark
 10468 | Lair:2   | Killed Sonja
 10469 | Lair:2   | Reached skill level 10 in Axes
 10473 | Lair:2   | Killed a skyshark
 10841 | Lair:3   | Noticed Nessos
 10842 | Lair:3   | Killed Nessos
 10956 | Lair:3   | Reached XP level 12. HP: 69/89 MP: 12/12
 10978 | Lair:3   | Reached skill level 11 in Fighting
 11074 | Lair:3   | Noticed Rupert
 11087 | Lair:3   | Mangled by Rupert

Illustrated notes

Levels and vault maps discovered:
D:1:      enne_arrival_octagon_isle, layout_loops_cross, serial_shops, shop
D:2:      layout_loops_ring, grunt_decor_fettered, st_stairs_4, uniq_terence
D:3:      layout_loops_ring
D:4:      layout_basic, nicolae_overflow_crystal_walls, amcnicky_altar_gilded,
          minmay_temple_entry_butterflies
D:5:      layout_gridville
D:6:      layout_basic, kennysheep_mini, nicolae_qazlal_scattered_showers,
          minitemple
D:7:      gammafunk_the_bubble [the_bubble_gammafunk_roulette],
          layout_gridville, serial_glass, glass_columns_b, glass_columns_b,
          uniq_prince_ribbit1, uniq_maurice
D:8:      layout_loops_corners, david_lair_generic, enter_bailey_5,
          corexii_hall_statues_i
D:9:      layout_basic, nicolae_vehumet_radiance
Temple:   regret_index_temple_generic_petals
Lair:1:   layout_gridlike, nicolae_quartered_pool_medium,
          infiniplex_staircase_pool_2, grunt_megastairs_4, uniq_jeremiah,
          uniq_nergalle
Lair:2:   layout_gridlike, skrybe_swamp_entry_bodies,
          dreamdust_mushroom_princess, uniq_sonja
Lair:3:   layout_gridlike, nicolae_snake_entry_warm_welcome,
          lemuel_fruit_fields, serial_bayou_shore_a, uniq_rupert, uniq_nessos,
          uniq_josephine

Skill      XL: |  1  2  3  4  5  6  7  8  9 10 11 12 |
---------------+-------------------------------------+-----
Axes           | 3 4 5 6 8 9 10 | 10.3
Armour         | 1 2 3 4 6 7 8 9 |  9.9
Fighting       | 3 4 5 7 8 9 10 11 | 11.0
Shields        | 1 4 6 |  6.4
Throwing       | |  1.7
Dodging        | |  2.6

Action                     |  1- 3 |  4- 6 |  7- 9 | 10-12 || total
---------------------------+-------+-------+-------+-------++-------
  Melee: War axe           |    65 |   134 |   244 |       ||   443
         Tailslap          |     6 |    23 |    30 |    44 ||   103
         Broad axe         |       |       |    27 |   241 ||   268
  Throw: Throwing net      |     1 |     2 |       |       ||     3
         Boomerang         |       |       |    17 |    37 ||    54
 Invoke: Sacrifice Health  |       |       |     1 |       ||     1
         Sacrifice Love    |       |       |     1 |       ||     1
         Apocalypse        |       |       |       |     7 ||     7
         Sacrifice Artific |       |       |       |     1 ||     1
  Evoke: Wand              |       |     2 |     1 |    21 ||    24
    Use: Scroll            |       |     1 |     1 |     1 ||     3
         Potion            |       |       |     6 |       ||     6
   Stab: Held in net/web   |     1 |     1 |       |       ||     2
         Sleeping          |       |     1 |     2 |     1 ||     4
         Paralysed         |       |     2 |     4 |     2 ||     8
         Distracted        |       |       |     2 |     1 ||     3
         Invisible         |       |       |     2 |     2 ||     4
 Armour: Leather armour    |    41 |    78 |       |       ||   119
         Scale mail        |       |     4 |   144 |   115 ||   263
  Dodge: Dodged            |    46 |    81 |   322 |   264 ||   713
  Block: Buckler           |       |       |     3 |   105 ||   108

Table legend: (Time is in decaauts)
 A = Elapsed time spent in this place.
 B = Non-inter-level travel time spent in this place.
 C = Inter-level travel time spent in this place.
 D = Time resting spent in this place.
 E = Time spent auto-exploring this place.
 F = Levels seen in this place.
 G = Mean time per level.
                   A        B        C        D        E       F      G
               +--------+--------+--------+--------+--------+-----+--------+
         Total |  11294 |  10482 |    812 |   1455 |   6625 |  14 |  806.7 |
       Dungeon |   8994 |   8305 |    689 |   1215 |   5204 |   9 |  999.3 |
        Temple |     45 |      3 |     42 |      0 |      0 |   1 |   45.0 |
          Lair |   2037 |   1956 |     81 |    240 |   1344 |   3 |  679.0 |
        Bailey |    216 |    216 |      0 |      0 |     76 |   1 |  216.0 |
               +--------+--------+--------+--------+--------+-----+--------+

Top non-repeatable levels by time:
     D:7: 1458 daAuts
     D:8: 1296 daAuts
     D:2: 1103 daAuts
     D:5: 1055 daAuts
  Lair:2: 1021 daAuts
     D:6: 1014 daAuts
     D:9: 940 daAuts
  Lair:1: 881 daAuts
     D:3: 861 daAuts
     D:1: 672 daAuts
     D:4: 590 daAuts
  Bailey: 216 daAuts
  Lair:3: 134 daAuts
  Temple: 45 daAuts
